Unix NetHack Version 3.7.0-66 Work-in-progress - last build Nov 25 2022 02:21:47 (a67c8fbd212c6e9cfe3af09653023564b5ba1bad,branch:master). Game began 2022-12-03 15:06:42, ended 2022-12-03 15:27:34. BeanNighe, lawful female dwarven Valkyrie -- |? |??? |??+..## -.-+------------ |??? ## |..............| |? ###.%......@....<.| -- |..............| ---------------- BeanNighe the Fighter St:15 Dx:12 Co:19 In:9 Wi:8 Ch:9 Lawful Dlvl:10 $:0 HP:0(77) Pw:8(8) AC:-4 Xp:6/500 T:3958 Satiated Burdened Latest messages: Skibbereen zaps a curved wand! The wand misses you. You miss Skibbereen. Skibbereen zaps a curved wand! The wand misses you. The wand misses Lucey. The winter wolf cub breathes frost! The blast of frost misses Skibbereen. The blast of frost hits you! You don't feel cold. The blast of frost hits Lucey. Skibbereen zaps a wand of striking! The wand hits you! The wand hits Lucey! You swap places with Lucey. Skibbereen zaps an oak wand! The magic missile hits Lucey! The magic missile hits you! The magic missile bounces! The magic missile hits you! Skibbereen drinks a cloudy potion! Skibbereen looks better. Skibbereen zaps a wand of magic missile! The magic missile hits Lucey! The magic missile hits you! Skibbereen zaps a wand of magic missile! The magic missile hits Lucey! The magic missile hits you! Skibbereen zaps a wand of magic missile! Lucey is killed by the magic missile! The magic missile whizzes by you! Skibbereen zaps a wand of magic missile! The magic missile whizzes by you! Skibbereen zaps a wand of magic missile! The magic missile whizzes by you! Skibbereen zaps a wand of magic missile! The magic missile hits you! Skibbereen zaps a wand of striking! The wand misses you. Skibbereen zaps a wand of striking! The wand misses you. Skibbereen zaps a wand of striking! The wand hits you! What do you want to zap? [BU or ?*] In what direction? Skibbereen hits! Skibbereen hits! Skibbereen hits! You die... Skibbereen takes all your possessions. Inventory: Weapons (')') x - 14 uncursed +0 darts b - an uncursed +0 dagger (alternate weapon; not wielded) a - an uncursed +1 dwarvish spear (weapon in hand) Armor ('[') i - a cursed -1 helmet (being worn) m - an uncursed +0 orcish helm E - an uncursed +0 pair of iron shoes (being worn) c - an uncursed +3 small shield (being worn) Z - an uncursed +0 orcish cloak L - a blessed +2 splint mail (being worn) Comestibles ('%') X - an uncursed candy bar labeled "Moon Crunchy" W - an uncursed cram ration Y - 2 uncursed food rations J - an uncursed fortune cookie P - an uncursed pancake j - an uncursed tripe ration R - an uncursed tin of spinach Scrolls ('?') p - an uncursed scroll of confuse monster K - an uncursed scroll of confuse monster Q - an uncursed scroll of enchant armor O - an uncursed scroll of gold detection A - an uncursed scroll of identify I - a cursed scroll of light V - a cursed scroll of remove curse y - 2 uncursed scrolls of teleportation S - an uncursed scroll of teleportation Potions ('!') w - an uncursed potion of extra healing r - an uncursed potion of fruit juice q - an uncursed potion of hallucination k - a cursed potion of polymorph n - a blessed potion of see invisible H - an uncursed potion of speed z - a potion of holy water Wands ('/') U - an uncursed wand of speed monster (0:1) B - a cursed wand of undead turning (0:6) Tools ('(') D - an empty uncursed sack T - an uncursed bag of tricks (0:4) e - an uncursed oil lamp F - an uncursed +0 pick-axe t - an uncursed towel Gems/Stones ('*') g - an uncursed chrysoberyl stone s - an uncursed worthless piece of blue glass N - an uncursed worthless piece of violet glass h - 4 uncursed worthless pieces of yellowish brown glass BeanNighe the Valkyrie's attributes: Background: You were a Fighter, a level 6 dwarven Valkyrie. You were lawful, on a mission for Tyr who was opposed by Odin (neutral) and Loki (chaotic). You were in the Dungeons of Doom, on level 10. You entered the dungeon 3958 turns ago. You had 500 experience points, 140 more were needed to attain level 7. Basics: You had 0 out of 77 hit points. You had all 8 energy points (spell power). Your armor class was -4. Your wallet was empty. Autopickup was on for '$?!"=/*', with exceptions. Final Characteristics: Your strength was 15 (peak:18/01, limit:18/100). Your dexterity was 12 (limit:20). Your constitution was 19 (limit:20). Your intelligence was 9 (limit:16). Your wisdom was 8 (limit:16). Your charisma was 9 (limit:16). Final Status: You were satiated. You were burdened; movement was slightly slowed. You were wielding a spear. You were skilled in spear. Final Attributes: You were piously aligned. You were cold resistant. You were poison resistant. You had infravision. You were stealthy. You were warded. You were fast. You are dead. Miscellaneous: You disabled loading of bones levels. Total elapsed playing time was 20 minutes and 52 seconds. Major events: Turn 1: BeanNighe the lawful dwarven Valkyrie entered the dungeon 379: entered the Gnomish Mines 798: attained the rank of Skirmisher (level 3) 1295: reached Mine Town 3356: attained the rank of Fighter (level 6) 3958: killed by Mr. Skibbereen; the shopkeeper Vanquished creatures: a large dog a watchman a giant beetle 4 wolves an orc-captain a giant spider a black light a lizard 4 Mordor orcs a rock piercer a rock mole a pony a fog cloud 4 yellow lights a violet fungus 2 gnome leaders 2 kobold mummies an elf zombie 3 giant ants 2 little dogs a floating eye 2 dwarves a homunculus 2 hill orcs a rabid rat a centipede a monkey an orc zombie a wererat 6 iguanas a gas spore 2 hobbits a cave spider a green mold 11 gnomes 2 garter snakes a gnome zombie 2 geckos 4 jackals 2 foxes a kobold 4 goblins a sewer rat 6 grid bugs a bat 4 lichens 12 newts 107 creatures vanquished. No species were genocided or became extinct. Voluntary challenges: You read items or engraved 4 times. You never engraved Elbereth. You never genocided any monsters. You never polymorphed an object. You never changed form. You used no wishes. Achievements: You entered the Gnomish Mines. You attained the rank of Skirmisher. You entered Minetown. You entered a temple. You entered a shop. You attained the rank of Fighter. The Dungeons of Doom: levels 1 to 10 Level 1: A fountain, a sink. Level 2: Stairs down to The Gnomish Mines. Level 3: Level 4: A fountain. Level 5: A fountain. Level 6: A fountain, a sink. Level 7: "vault" Level 8: A fountain. Level 9: Many fountains. Level 10: <- You were here. Final resting place for you, killed by Mr. Skibbereen; the shopkeeper. The Gnomish Mines: levels 3 to 5 Level 3: Level 4: Level 5: Many shops, a temple, some fountains. Game over: ---------- / \ / REST \ / IN \ / PEACE \ / \ | BeanNighe | | 0 Au | | killed by Mr. | | Skibbereen; the | | shopkeeper | | | | 2022 | *| * * * | * _________)/\\_//(\/(/\)/\//\/|_)_______ Farvel BeanNighe the Valkyrie... You died in The Dungeons of Doom on dungeon level 10 with 2450 points, and 0 pieces of gold, after 3958 moves. You were level 6 with a maximum of 77 hit points when you died.